 Dungeon Crawl Stone Soup version 0.22.1-1-ga44c0e56f4 (webtiles) character file.

20 Gargoyl the Skirmisher (level 2, -12/39 HPs)
             Began as a Centaur Abyssal Knight on Oct 20, 2018.
             Was a Follower of Lugonu.
             Shot with an arrow by a centaur (13 damage)
             ... on level 2 of the Dungeon.
             The game lasted 00:01:55 (708 turns).

Gargoyl the Skirmisher (Centaur Abyssal Knight)      Turns: 708, Time: 00:01:56

Health: -12/39     AC:  7    Str: 19      XL:     2   Next: 58%
Magic:  3/3        EV:  4    Int: 11      God:    Lugonu [*.....]
Gold:   63         SH:  2    Dex:  7 (8)  Spells: 1/1 levels left

rFire    . . .     SeeInvis .   a - +1 hand axe
rCold    . . .     Gourm    .   e - +0 buckler
rNeg     . . .     Faith    .   d - +0 chain mail
rPois    .         Spirit   .   (no helmet)
rElec    .         Reflect  .   (no cloak)
rCorr    .         Harm     .   (no gloves)
MR       .....                  (no barding)
Stlth    ..........             (no amulet)
HPRegen  0.53/turn              (no ring)
MPRegen  0.08/turn              (no ring)

@: berserking, lethally poisoned (-12 -> -13), very quick
A: large, claws 1, hooves 3, deformed body, deterioration 1, speed 2,
regeneration 1, tough skin 3
a: Depart the Abyss, Renounce Religion


You were on level 2 of the Dungeon.
You worshipped Lugonu.
Lugonu was aware of your devotion.
You were not hungry.

You visited 1 branch of the dungeon, and saw 2 of its levels.
You visited the Abyss 1 time.

You collected 63 gold pieces.

Inventory:

Hand Weapons
 a - a +1 hand axe (weapon)
Missiles
 i - an arrow
Armour
 d - a +0 chain mail (worn)
 e - a +0 buckler (worn)
Scrolls
 f - a scroll of fear {unknown}
 g - 2 scrolls of teleportation {unknown}
Comestibles
 c - 4 rations


   Skills:
 + Level 3.5 Fighting
 + Level 1.9 Axes
 * Level 1.5 Armour
 + Level 0.6 Dodging
 * Level 2.3 Invocations


You had one spell level left.
You didn't know any spells.
Your spell library was empty.

Dungeon Overview and Level Annotations

Branches:
Dungeon (2/15)

Altars:


Innate Abilities, Weirdness & Mutations

You have hooves in place of feet.
Armour fits poorly on your strangely shaped body.
You cover ground very quickly.
You have extremely tough skin. (AC +3)
You have sharp fingernails.
Your body sometimes deteriorates upon taking damage.
Your natural rate of healing is unusually fast.


Message History

You are poisoned.
The adder poisons you!
Unknown command.
It was a potion of mutation.
You feel extremely strange.
You feel yourself wasting away.
You begin to heal more quickly.
Your fingernails lengthen.
You feel sick.
The centaur shoots an arrow.
The arrow hits you!
* * * LOW HITPOINT WARNING * * *
The adder bites you but does no damage.
Unknown command.
It was a potion of berserk rage.
A red film seems to cover your vision as you go berserk!
You feel yourself moving faster!
You feel mighty!
The centaur shoots an arrow.
The arrow hits you.
* * * LOW HITPOINT WARNING * * *
Your body deteriorates!
You feel clumsy. The adder bites you.
* * * LOW HITPOINT WARNING * * *
The centaur shoots an arrow.
The arrow hits you!
You die...

#.##.# #.# ##
###.##.####.... .
.......#......# ##c
#.##.<...#.
##..#####.#..#......#
##...............#..#.
...#.....#....#..# #..
.........#.........# #
.......@[r......####
........S)..#...#
...............##
..........(......
........#########?
........# %.......#
#.......#


You could see a centaur, an adder and a rat.

Vanquished Creatures
  A bat (D:1)
  2 giant cockroaches (D:1)
  2 goblins (D:1)
  A hobgoblin (D:1)
  3 jackals (D:1)
  3 kobolds (D:1)
  2 frilled lizards (D:1)
  3 rats (D:1)
17 creatures vanquished.

Notes
Turn   | Place    | Note
-------+----------+-------------------------------------------
     0 | Abyss:1  | Gargoyl the Centaur Abyssal Knight began the quest for the
                  | Orb.
     0 | Abyss:1  | Reached XP level 1. HP: 19/19 MP: 2/2
    75 | Abyss:1  | Noticed a large abomination
    93 | Abyss:1  | Noticed a small abomination
    98 | Abyss:1  | Noticed a rust devil
   111 | D:1      | Escaped the Abyss
   298 | D:1      | Reached XP level 2. HP: 23/26 MP: 3/3
   591 | D:1      | Reached * piety under Lugonu
   704 | D:2      | Noticed a centaur
   707 | D:2      | Gained mutation: Your body sometimes deteriorates upon
                  | taking damage. [potion of mutation]
   707 | D:2      | Gained mutation: Your natural rate of healing is unusually
                  | fast. [potion of mutation]
   707 | D:2      | Gained mutation: You have sharp fingernails. [potion of
                  | mutation]
   708 | D:2      | HP: 1/39 [adder (3)]
   708 | D:2      | Shot with an arrow by a centaur

Action                   || total
-------------------------++-------
Melee: Hand axe          ||    51
       Kick              ||     4
Invok: Depart the Abyss  ||     1
  Use: Potion            ||     2
Armor: Chain mail        ||    70
Dodge: Dodged            ||    13
Block: Buckler           ||     4
